| TOP OF THE 1ST |
|
Newark Black Sox batting - Pitching for Aberdeen Ironbirds : RHP Ruben Almendarez
|
|
Pitching: RHP Ruben Almendarez
|
|
|
Batting: RHB Rafael Belliard
|
0-0: Foul Ball, location: 2F 0-1: Foul Ball, location: 2F 0-2: Ground out 3-1 (Groundball, 34, EV 104.4 MPH)
|
|
Batting: RHB Ellis Burks
|
0-0: Fly out, F9 (Line Drive, 9, EV 102.5 MPH)
|
|
Batting: RHB Moises Acosta
|
0-0: Fly out, F9 (Flyball, 9LM, EV 76.9 MPH)
|
| Top of the 1st over - 0 runs, 0 hits, 0 errors, 0 left on base; Newark 0 - Aberdeen 0 |
| BOTTOM OF THE 1ST |
|
Aberdeen Ironbirds batting - Pitching for Newark Black Sox : LHP Stephen Young
|
|
Pitching: LHP Stephen Young
|
|
|
Batting: RHB Craig Kornfeld
|
0-0: Ball 1-0: Foul Ball, location: 2F 1-1: Ball 2-1: Swinging Strike 2-2: Strikes out swinging
|
|
Batting: RHB Arturo Leija
|
0-0: Called Strike 0-1: Ball 1-1: Foul Ball, location: 2F 1-2: Ball 2-2: Foul Ball, location: 2F 2-2: Foul Ball, location: 2F 2-2: Foul Ball, location: 2F 2-2: Foul Ball, location: 2F 2-2: Fly out, F4 (Line Drive, 4, EV 70.6 MPH)
|
|
Batting: SHB Nelson Simmons
|
0-0: Fly out, F8 (Flyball, 8LS, EV 96.9 MPH)
|
| Bottom of the 1st over - 0 runs, 0 hits, 0 errors, 0 left on base; Newark 0 - Aberdeen 0 |
| TOP OF THE 2ND |
|
Newark Black Sox batting - Pitching for Aberdeen Ironbirds : RHP Ruben Almendarez
|
|
Batting: RHB Adrien Perkins
|
0-0: Ball 1-0: Reached on error, E4 (Groundball, 4, EV 88.8 MPH)
|
|
Batting: RHB Jerry Bendorf
|
0-0: Grounds into double play, 6-4-3 (Groundball, 6, EV 85.6 MPH)
|
|
Batting: RHB Paul Bradley
|
0-0: Foul Ball, location: 2F 0-1: Swinging Strike 0-2: Strikes out looking
|
| Top of the 2nd over - 0 runs, 0 hits, 1 error, 0 left on base; Newark 0 - Aberdeen 0 |
| BOTTOM OF THE 2ND |
|
Aberdeen Ironbirds batting - Pitching for Newark Black Sox : LHP Stephen Young
|
|
Batting: RHB Victor Trujillo
|
0-0: Called Strike 0-1: Ball 1-1: Ball 2-1: Foul Ball, location: 2F 2-2: Foul Ball, location: 2F 2-2: Ground out 6-3 (Groundball, 6, EV 104.4 MPH)
|
|
Batting: RHB Harry Francis
|
0-0: Ball 1-0: Foul Ball, location: 2F 1-1: Ball 2-1: Ball 3-1: Foul Ball, location: 2F 3-2: Base on Balls
|
|
Batting: RHB Dan Cataline
|
0-0: Ball 1-0: Ball 2-0: Ball 3-0: Foul Ball, location: 2F 3-1: Grounds into double play, 4-6-3 (Groundball, 4M, EV 105.0 MPH)
|
| Bottom of the 2nd over - 0 runs, 0 hits, 0 errors, 0 left on base; Newark 0 - Aberdeen 0 |
| TOP OF THE 3RD |
|
Newark Black Sox batting - Pitching for Aberdeen Ironbirds : RHP Ruben Almendarez
|
|
Batting: RHB Henry Hubbard
|
0-0: Called Strike 0-1: Ball 1-1: Ground out 5-3 (Groundball, 5S, EV 80.0 MPH)
|
|
Batting: RHB Danny Griffin
|
0-0: Called Strike 0-1: Ground out 5-3 (Groundball, 56S, EV 77.5 MPH)
|
|
Batting: RHB Orlando Gonzalez
|
0-0: Called Strike 0-1: Ball 1-1: Ball 2-1: Called Strike 2-2: Fly out, F7 (Flyball, 7, EV 83.1 MPH)
|
| Top of the 3rd over - 0 runs, 0 hits, 0 errors, 0 left on base; Newark 0 - Aberdeen 0 |
| BOTTOM OF THE 3RD |
|
Aberdeen Ironbirds batting - Pitching for Newark Black Sox : LHP Stephen Young
|
|
Batting: RHB Mark Bonner
|
0-0: Swinging Strike 0-1: Swinging Strike 0-2: Ball 1-2: Strikes out swinging
|
|
Batting: RHB Ric Wilson
|
0-0: Ball 1-0: Swinging Strike 1-1: Ball 2-1: Ground out 6-3 (Groundball, 6, EV 79.4 MPH)
|
|
Batting: SHB Kurt Stillwell
|
0-0: Called Strike 0-1: Ball 1-1: Foul Ball, location: 2F 1-2: Foul Ball, location: 2F 1-2: Ball 2-2: Ground out 6-3 (Groundball, 56, EV 91.9 MPH)
|
| Bottom of the 3rd over - 0 runs, 0 hits, 0 errors, 0 left on base; Newark 0 - Aberdeen 0 |
| TOP OF THE 4TH |
|
Newark Black Sox batting - Pitching for Aberdeen Ironbirds : RHP Ruben Almendarez
|
|
Batting: RHB Rafael Belliard
|
0-0: Called Strike 0-1: Ball 1-1: Called Strike 1-2: Strikes out looking
|
|
Batting: RHB Ellis Burks
|
0-0: Ball 1-0: Called Strike 1-1: Ball 2-1: Ball 3-1: Called Strike 3-2: Strikes out looking
|
|
Batting: RHB Moises Acosta
|
0-0: Called Strike 0-1: Ball 1-1: Ball 2-1: Ball 3-1: Called Strike 3-2: Foul Ball, location: 2F 3-2: Base on Balls
|
|
Batting: RHB Adrien Perkins
|
0-0: Called Strike 0-1: Ball 1-1: SINGLE (Flyball, 3D, EV 92.5 MPH) Moises Acosta to second Runner from 2nd tries for 3rd, SAFE, no throw by RF
|
|
Batting: RHB Jerry Bendorf
|
0-0: SINGLE (Groundball, 56D, EV 96.3 MPH) Moises Acosta scores Adrien Perkins to second
|
|
Batting: RHB Paul Bradley
|
0-0: Ball 1-0: Ball 2-0: Foul Ball, location: 2F 2-1: Foul Ball, location: 2F 2-2: Ball 3-2: Base on Balls Adrien Perkins to third Jerry Bendorf to second
|
|
Batting: RHB Henry Hubbard
|
0-0: Ball 1-0: Ground out 4-3 (Groundball, 4, EV 85.0 MPH)
|
| Top of the 4th over - 1 run, 2 hits, 0 errors, 3 left on base; Newark 1 - Aberdeen 0 |
| BOTTOM OF THE 4TH |
|
Aberdeen Ironbirds batting - Pitching for Newark Black Sox : LHP Stephen Young
|
|
Pitching: RHP Edgar Salas
|
|
|
Batting: RHB Craig Kornfeld
|
0-0: Ball 1-0: Called Strike 1-1: Ground out 6-3 (Groundball, 6, EV 81.3 MPH)
|
|
Batting: RHB Arturo Leija
|
0-0: Ball 1-0: Ball 2-0: Called Strike 2-1: Foul Ball, location: 2F 2-2: Ground out 5-3 (Groundball, 56D, EV 103.1 MPH)
|
|
Batting: SHB Nelson Simmons
|
0-0: Ball 1-0: SINGLE (Line Drive, 89M, EV 104.4 MPH)
|
|
Batting: RHB Victor Trujillo
|
0-0: Called Strike 0-1: Ball 1-1: Called Strike 1-2: Foul Ball, location: 2F 1-2: Ball 2-2: Fly out, F9 (Flyball, 89D, EV 105.6 MPH)
|
| Bottom of the 4th over - 0 runs, 1 hit, 0 errors, 1 left on base; Newark 1 - Aberdeen 0 |
| TOP OF THE 5TH |
|
Newark Black Sox batting - Pitching for Aberdeen Ironbirds : RHP Ruben Almendarez
|
|
Batting: RHB Danny Griffin
|
0-0: Called Strike 0-1: Foul Ball, location: 2F 0-2: Strikes out swinging
|
|
Batting: RHB Orlando Gonzalez
|
0-0: DOUBLE (Flyball, 78XD, EV 88.8 MPH)
|
|
Batting: RHB Rafael Belliard
|
0-0: Fly out, F5 (Line Drive, 5, EV 65.0 MPH)
|
|
Batting: RHB Ellis Burks
|
0-0: Swinging Strike 0-1: Swinging Strike 0-2: Ball 1-2: Foul Ball, location: 2F 1-2: Strikes out looking
|
| Top of the 5th over - 0 runs, 1 hit, 0 errors, 1 left on base; Newark 1 - Aberdeen 0 |
| BOTTOM OF THE 5TH |
|
Aberdeen Ironbirds batting - Pitching for Newark Black Sox : RHP Edgar Salas
|
|
Batting: RHB Harry Francis
|
0-0: Ball 1-0: Ball 2-0: Ball 3-0: Called Strike 3-1: Called Strike 3-2: Foul Ball, location: 2F 3-2: Fly out, F9 (Flyball, 9S, EV 81.9 MPH)
|
|
Batting: RHB Dan Cataline
|
0-0: Ball 1-0: Ball 2-0: Ball 3-0: Base on Balls
|
|
Batting: RHB Mark Bonner
|
0-0: Ball 1-0: Fly out, F8 (Line Drive, 8RM, EV 97.5 MPH)
|
|
Batting: RHB Ric Wilson
|
0-0: Ball 1-0: Foul Ball, location: 2F 1-1: Ball 2-1: Ground out 5-3 (Groundball, 56S, EV 77.5 MPH)
|
| Bottom of the 5th over - 0 runs, 0 hits, 0 errors, 1 left on base; Newark 1 - Aberdeen 0 |
| TOP OF THE 6TH |
|
Newark Black Sox batting - Pitching for Aberdeen Ironbirds : RHP Ruben Almendarez
|
|
Batting: RHB Moises Acosta
|
0-0: Ball 1-0: Foul Ball, location: 2F 1-1: Ball 2-1: Ground out 4-3 (Groundball, 4, EV 98.1 MPH)
|
|
Batting: RHB Adrien Perkins
|
0-0: Ball 1-0: Called Strike 1-1: Ball 2-1: Swinging Strike 2-2: Strikes out swinging
|
|
Batting: RHB Jerry Bendorf
|
0-0: Ball 1-0: Called Strike 1-1: Foul Ball, location: 2F 1-2: Ball 2-2: Foul Ball, location: 2F 2-2: Ball 3-2: DOUBLE (Line Drive, 9LD, EV 105.0 MPH)
|
|
Batting: RHB Paul Bradley
|
0-0: Foul Ball, location: 2F 0-1: Ball 1-1: Ground out 6-3 (Groundball, 6, EV 93.8 MPH)
|
| Top of the 6th over - 0 runs, 1 hit, 0 errors, 1 left on base; Newark 1 - Aberdeen 0 |
| BOTTOM OF THE 6TH |
|
Aberdeen Ironbirds batting - Pitching for Newark Black Sox : RHP Edgar Salas
|
|
Batting: SHB Kurt Stillwell
|
0-0: Ground out U3 (Groundball, 34S, EV 88.1 MPH)
|
|
Batting: RHB Craig Kornfeld
|
0-0: Ball 1-0: Fly out, F7 (Flyball, 7D, EV 100.0 MPH)
|
|
Batting: RHB Arturo Leija
|
0-0: Foul Ball, location: 2F 0-1: Foul Ball, location: 2F 0-2: Ball 1-2: Ball 2-2: Foul Ball, location: 2F 2-2: Fly out, F9 (Flyball, 9, EV 94.4 MPH)
|
| Bottom of the 6th over - 0 runs, 0 hits, 0 errors, 0 left on base; Newark 1 - Aberdeen 0 |
| TOP OF THE 7TH |
|
Newark Black Sox batting - Pitching for Aberdeen Ironbirds : RHP Ruben Almendarez
|
|
Batting: RHB Henry Hubbard
|
0-0: Called Strike 0-1: Called Strike 0-2: Ball 1-2: Fly out, F7 (Line Drive, 7, EV 103.8 MPH)
|
|
Batting: RHB Danny Griffin
|
0-0: Ball 1-0: Swinging Strike 1-1: Foul Ball, location: 2F 1-2: Strikes out swinging
|
|
Batting: RHB Orlando Gonzalez
|
0-0: Ball 1-0: Called Strike 1-1: Ground out 6-3 (Groundball, 6MS, EV 81.3 MPH)
|
| Top of the 7th over - 0 runs, 0 hits, 0 errors, 0 left on base; Newark 1 - Aberdeen 0 |
| BOTTOM OF THE 7TH |
|
Aberdeen Ironbirds batting - Pitching for Newark Black Sox : RHP Edgar Salas
|
|
Batting: SHB Nelson Simmons
|
0-0: Ball 1-0: Foul Ball, location: 2F 1-1: Ball 2-1: Called Strike 2-2: Ball 3-2: Ground out U3 (Groundball, 34S, EV 80.0 MPH)
|
|
Batting: RHB Victor Trujillo
|
0-0: Ball 1-0: Ball 2-0: Ball 3-0: Base on Balls
|
|
Batting: RHB Harry Francis
|
0-0: Ball 1-0: Ball 2-0: Ground out 4-3 (Groundball, 13, EV 88.8 MPH) Victor Trujillo to second
|
|
Pinch Hitting: LHB Keith Street
|
0-0: Ground out 5-3 (Groundball, 56S, EV 83.1 MPH)
|
| Bottom of the 7th over - 0 runs, 0 hits, 0 errors, 1 left on base; Newark 1 - Aberdeen 0 |
| TOP OF THE 8TH |
|
Newark Black Sox batting - Pitching for Aberdeen Ironbirds : RHP Ruben Almendarez
|
|
Now in RF: Alan Cartwright
|
|
|
Batting: RHB Rafael Belliard
|
0-0: Ball 1-0: Foul Ball, location: 2F 1-1: Called Strike 1-2: Ball 2-2: SINGLE (Line Drive, 89S, EV 95.6 MPH)
|
|
Batting: RHB Ellis Burks
|
0-0: Called Strike 0-1: Fly out, F7 (Flyball, 78XD, EV 102.5 MPH) Runner from 1st tags up, SAFE at 2nd
|
|
Batting: RHB Moises Acosta
|
0-0: Ball 1-0: Called Strike 1-1: Ball 2-1: Called Strike 2-2: Strikes out looking
|
|
Batting: RHB Adrien Perkins
|
0-0: Called Strike 0-1: Ball 1-1: SINGLE (Line Drive, 89S, EV 95.0 MPH) Rafael Belliard to third Runner from 3rd tries for Home, SAFE, throw by RF to home Adrien Perkins to second
|
|
Batting: RHB Jerry Bendorf
|
0-0: Ground out 4-3 (Groundball, 34, EV 88.8 MPH)
|
| Top of the 8th over - 1 run, 2 hits, 0 errors, 1 left on base; Newark 2 - Aberdeen 0 |
| BOTTOM OF THE 8TH |
|
Aberdeen Ironbirds batting - Pitching for Newark Black Sox : RHP Edgar Salas
|
|
Pitching: RHP Jeff Innis
|
|
|
Batting: RHB Mark Bonner
|
0-0: Called Strike 0-1: Ball 1-1: Foul Ball, location: 2F 1-2: Strikes out looking
|
|
Batting: RHB Ric Wilson
|
0-0: Called Strike 0-1: Ball 1-1: Swinging Strike 1-2: Ball 2-2: Foul Ball, location: 2F 2-2: Foul Ball, location: 2F 2-2: SINGLE (Groundball, 6MD, EV 96.3 MPH)
|
|
Batting: SHB Kurt Stillwell
|
0-0: Foul Ball, location: 2F 0-1: Foul Ball, location: 2F 0-2: Ball 1-2: SINGLE (Groundball, 4MD, EV 105.6 MPH) Ric Wilson to second Runner from 2nd tries for 3rd, SAFE, throw by CF made to third
|
|
Batting: RHB Craig Kornfeld
|
0-0: Ball 1-0: Foul Ball, location: 2F 1-1: Fly out, F8 (Flyball, 8LD, EV 92.5 MPH) Runner from 3rd tags up, SCORES, throw by CF
|
|
Batting: RHB Arturo Leija
|
0-0: Foul Ball, location: 2F 0-1: Ball 1-1: DOUBLE (Line Drive, 7LM, EV 113.1 MPH) Kurt Stillwell to third Runner from 3rd tries for Home, throw by LF and OUT! 7-6-2
|
| Bottom of the 8th over - 1 run, 3 hits, 0 errors, 1 left on base; Newark 2 - Aberdeen 1 |
| TOP OF THE 9TH |
|
Newark Black Sox batting - Pitching for Aberdeen Ironbirds : RHP Ruben Almendarez
|
|
Batting: RHB Paul Bradley
|
0-0: Ground out 5-3 (Groundball, 5, EV 75.6 MPH)
|
|
Batting: RHB Henry Hubbard
|
0-0: Ball 1-0: Foul Ball, location: 2F 1-1: Ball 2-1: Called Strike 2-2: Ball 3-2: Foul Ball, location: 2F 3-2: Fly out, F7 (Flyball, 78M, EV 97.5 MPH)
|
|
Batting: RHB Danny Griffin
|
0-0: Ball 1-0: Called Strike 1-1: Foul Ball, location: 2F 1-2: Foul Ball, location: 2F 1-2: Ball 2-2: Strikes out looking
|
| Top of the 9th over - 0 runs, 0 hits, 0 errors, 0 left on base; Newark 2 - Aberdeen 1 |
| BOTTOM OF THE 9TH |
|
Aberdeen Ironbirds batting - Pitching for Newark Black Sox : RHP Jeff Innis
|
|
Batting: SHB Nelson Simmons
|
0-0: Ball 1-0: SINGLE (Line Drive, 78M, EV 102.5 MPH)
|
|
Batting: RHB Victor Trujillo
|
0-0: Foul Ball, location: 2F 0-1: Swinging Strike 0-2: Grounds into double play, 4-6-3 (Groundball, 4, EV 86.9 MPH)
|
|
Batting: RHB Harry Francis
|
0-0: Ball 1-0: Swinging Strike 1-1: Foul Ball, location: 2F 1-2: Ball 2-2: Ball 3-2: Ground out 6-3 (Groundball, 56, EV 107.5 MPH)
|
| Bottom of the 9th over - 0 runs, 1 hit, 0 errors, 0 left on base; Newark 2 - Aberdeen 1 |
|